[Event "67th Mexican-ch Open 2022"]
[Site "Chihuahua"]
[Date "2022.04.14"]
[Round "3.3"]
[White "Cordova, Emilio"]
[Black "Benitez Lozano, Javier"]
[Result "1-0"]
[ECO "A30"]
[WhiteElo "2534"]
[BlackElo "2309"]
[Annotator "TA"]
[PlyCount "77"]
[EventDate "2022.04.12"]
[EventType "swiss"]
[EventCountry "MEX"]
[SourceTitle "playchess.com"]
[Source "ChessBase"]
[SourceQuality "1"]
[TimeControl "5400+30"]

1. Nf3 Nf6 2. g3 b6 3. Bg2 Bb7 4. O-O e6 5. c4 c5 6. Nc3 d6 7. Re1 Be7 8. e4 a6 9. d4 cxd4 10. Nxd4 Qc7 11. Be3 Nbd7 12. Rc1 O-O 13. f4 Rfe8 14. Bf2 (14. g4 $16 {g5 is the strong threat.} Nc5 15. Bf2) 14... Rad8 {[%emt 0:13:12] A30: Symmetrical English: Double Fianchetto and Hedgehog.} (14... Qxc4 $2 15. e5 dxe5 16. Bxb7 (16. Nd5 Qxd5 17. Bxd5 Nxd5 $16) 16... exd4 17. Nd5 $1 (17. Bxd4 Bc5 $11) (17. Qxd4 Qxd4 18. Bxd4 Ra7 $11) 17... Qxd5 18. Bxd5 Nxd5 19. a3 $18 (19. Bxd4 g6 $18)) 15. Qe2 Bf8 {[%emt 0:18:01] [#]} 16. b4 $146 (16. Nb3 $14) ({Predecessor:} 16. e5 Bxg2 17. Kxg2 dxe5 18. fxe5 Nxe5 19. Qxe5 Qxe5 20. Rxe5 Ng4 21. Nf3 Nxe5 22. Nxe5 {1-0 (44) Rotstein,A (2500)-Fercec,N (2458) Arco 2001}) 16... g6 (16... Rc8 $11) 17. b5 {[%emt 0:11:26][%cal Od4c6] &Bianco is more active.} e5 {[%emt 0:06:07] [#]} 18. Nd5 (18. bxa6 $1 $16 Bxa6 19. Ndb5) 18... Bxd5 (18... Nxd5 $11 19. cxd5 Nc5 20. fxe5 dxe5) 19. cxd5 $18 Nc5 20. fxe5 dxe5 21. Nc6 $36 {[%emt 0:00:12][%mdl 2048] White has strong initiative.} Ra8 22. bxa6 Nxa6 23. Qf3 Bg7 {[%emt 0:01:38] [#]} (23... Qd6 $142 24. Bxb6 Nd7) 24. a4 $1 Nb8 25. Bf1 Nxc6 (25... Qb7 {might work better.} 26. Bb5 Nbd7) 26. Rxc6 Qe7 27. Bb5 ({Weaker is} 27. Rxb6 Rxa4 28. d6 (28. Bb5 Ra3 $16) 28... Qd8 $18) 27... Reb8 28. Rf1 Ne8 29. Bxb6 Rxb6 30. Rxb6 Bf8 $2 (30... Nd6 31. Rc6 Bf8) 31. Kh1 Ra7 32. Bxe8 Qxe8 33. a5 Be7 34. a6 f6 35. Qb3 Bd8 36. Rc6 {[%emt 0:00:37][%cal Bb6c6,Bc6f6,Bf6f8][%mdl 32] Threatening mate with Qb8.} Qd7 37. Qb8 Qe7 38. Rcxf6 Rd7 39. Rf8+ {[%emt 0:00:12] Black did not feel at home in the position after the opening.  Weighted Error Value: White=0.26 (precise) /Black=0.53} 1-0

[Event "67th Mexican-ch Open 2022"]
[Site "Chihuahua"]
[Date "2022.04.14"]
[Round "3.4"]
[White "Rosales Campos, Paul"]
[Black "Salinas Herrera, Pablo"]
[Result "0-1"]
[ECO "B41"]
[WhiteElo "2039"]
[BlackElo "2517"]
[Annotator "TA"]
[PlyCount "96"]
[EventDate "2022.04.12"]
[EventType "swiss"]
[EventCountry "MEX"]
[SourceTitle "playchess.com"]
[Source "ChessBase"]
[SourceQuality "1"]
[TimeControl "5400+30"]

1. e4 c5 2. Nf3 e6 3. d4 cxd4 4. Nxd4 a6 5. c4 Nf6 6. Nc3 Qc7 7. Be2 Bb4 8. Nc2 Be7 {[%emt 0:11:18] B41: Sicilian: Kan Variation: 5 c4.} 9. Be3 d6 10. O-O b6 {[%emt 0:00:28] White is slightly better.} 11. f4 {[%emt 0:06:13] [#]} Bb7 $146 ({Predecessor:} 11... O-O 12. g4 Bb7 13. Bd3 d5 14. e5 Ne4 15. Bxe4 dxe4 16. Qe2 Nd7 17. Rfd1 Nc5 18. Bxc5 Bxc5+ {0-1 (23) Sideris,T (2077)-Shavtvaladze,N (2399) Korinthos 2002}) 12. Qd3 Nbd7 13. b4 Rc8 14. Rac1 h5 (14... O-O $11) 15. h3 h4 16. Nd4 g6 (16... O-O $14) 17. a3 $16 Nh5 (17... Qb8 $16 {was called for.}) 18. Rfd1 (18. f5 $18 Ne5 19. Qd1) 18... Ng3 $14 19. Bf3 g5 {[%emt 0:00:55] [#]} (19... Qxc4 $2 20. Qd2 $18) (19... O-O $14) 20. e5 $2 ({Worse is} 20. fxg5 Ne5 21. Qd2 Rg8 $15) ({Only move:} 20. Nd5 $1 $18 exd5 21. cxd5) 20... Bxf3 $1 $11 (20... dxe5 $2 21. Nxe6 $1 fxe6 22. Qg6+ Kf8 23. Qxe6 $18) 21. exd6 (21. Nxf3 {looks sharper.} gxf4 22. Bxf4 dxe5 23. Bxg3 hxg3 24. Ne4) 21... Qxd6 22. Nxf3 Qxd3 23. Rxd3 gxf4 24. Bxf4 Nf6 (24... Rxc4 $2 25. Bxg3 hxg3 {[#]} 26. Rxd7 $1 $18 ) 25. Bxg3 hxg3 26. Ne2 Ne4 27. Nfd4 (27. Kf1 $11 {remains equal.}) 27... a5 (27... Bg5 $5 28. Rf1 Rxc4 $15) 28. Nxg3 Nxg3 29. Rxg3 axb4 30. axb4 Bxb4 {[%emt 0:00:20] And now ...Bc5 would win.} 31. Nb5 Ke7 32. Rb3 Bc5+ 33. Kf1 ({White should play} 33. Kh2) 33... Rcd8 ({Better is} 33... Rh4 $17 34. Rf3 f5) 34. Ke2 (34. Nc3 $1 $15) 34... Rh5 35. Rc2 Rf5 {[%emt 0:00:12] ( -> ...Rf2+). &Nero is more active.} 36. Ke1 {[%emt 0:00:31] Inhibits Rf2.} Rf4 37. g3 Re4+ 38. Kf1 Rd1+ 39. Kg2 f5 40. h4 Rg1+ 41. Kh3 Rh1+ 42. Kg2 (42. Rh2 $142 Rxh2+ 43. Kxh2) 42... Ree1 $19 43. Nc3 Rhg1+ 44. Kh2 e5 $2 (44... Kf7 $19 45. Rcb2 Rh1+ 46. Kg2 Reg1+ 47. Kf3 Rf1+ 48. Kg2 Rfg1+ 49. Kf3 Rh3) 45. Na4 $2 (45. Kh3 $15) 45... Rh1+ {[%emt 0:07:05] Black is clearly winning.} 46. Kg2 Reg1+ 47. Kf3 Rh3 48. Rg2 e4+ {[%emt 0:00:05] Weighted Error Value: White=0.40/Black=0.27 (precise)} 0-1

[Event "67th Mexican-ch Open 2022"]
[Site "Chihuahua"]
[Date "2022.04.14"]
[Round "3.5"]
[White "Quesada Perez, Luis Ernesto"]
[Black "Sandoval Mercado, Carlos"]
[Result "0-1"]
[ECO "E20"]
[WhiteElo "2517"]
[BlackElo "2289"]
[Annotator "TA"]
[PlyCount "44"]
[EventDate "2022.04.12"]
[EventType "swiss"]
[EventCountry "MEX"]
[SourceTitle "playchess.com"]
[Source "ChessBase"]
[SourceQuality "1"]
[TimeControl "5400+30"]

1. d4 Nf6 2. c4 c5 3. Nf3 cxd4 4. Nxd4 e6 5. g3 d5 6. Bg2 Bb4+ 7. Nc3 O-O 8. cxd5 Nxd5 9. Bd2 Nxc3 10. bxc3 Be7 11. Rb1 e5 {[%emt 0:06:12][%cal Be6e5,Be5d4][%mdl 32] [#]} 12. Rxb7 $1 {[%emt 0:05:50][%cal Ob7b1] E20: Nimzo-Indian: 4 g3 and 4 f3.} exd4 13. Rb3 Na6 {[%emt 0:14:44] White must now prevent ...Be6.} 14. Bxa8 {[%emt 0:00:21] cxd4 is the strong threat. The position is equal.} Bh3 15. Bf3 Nc5 16. Rb1 Bf6 17. cxd4 ({Better is} 17. c4 $1 $16) 17... Bxd4 $11 {[%emt 0:00:02] [#]} 18. Qc2 $146 {[%emt 0:10:03] Hoping for Bb4.} ({Predecessor:} 18. e3 Nd3+ 19. Ke2 Ne5 20. Be4 Qf6 21. f3 Bg2 22. Rf1 Qa6+ 23. Kf2 Bxf1 24. exd4 {1-0 (45) Stocek,J (2450)-Estremera Panos,S (2400) Ubeda 1998}) 18... Qf6 {[%emt 0:01:10] Strongly threatening ...Re8.} 19. Rb5 {[%emt 0:11:58] [#]} (19. Rc1 $11 {remains equal.}) 19... Re8 $1 $17 {[%emt 0:02:00] ( -> ...Qxf3)} 20. Kd1 {[%emt 0:02:56] [#]} Bd7 $1 {[%emt 0:03:35] &Nero is more active.} 21. Rxc5 (21. Rb4 $17 {is a better chance.}) 21... Bxc5 $19 22. Qxc5 (22. Qc3 $19 Qb6 23. Bd5) 22... Ba4+ {[%emt 0:00:19] Weighted Error Value: White=1.13/Black=0.07 (flawless)} 0-1

[Event "67th Mexican-ch Open 2022"]
[Site "Chihuahua"]
[Date "2022.04.14"]
[Round "3.6"]
[White "Rascon Vega, Alfonso"]
[Black "Cori Quispe, Kevin Joel"]
[Result "0-1"]
[ECO "B50"]
[WhiteElo "2107"]
[BlackElo "2492"]
[Annotator "TA"]
[PlyCount "66"]
[EventDate "2022.04.12"]
[EventType "swiss"]
[EventCountry "MEX"]
[SourceTitle "playchess.com"]
[Source "ChessBase"]
[SourceQuality "1"]
[TimeControl "5400+30"]

1. e4 c5 2. Nf3 e6 3. g3 Nc6 4. Bg2 Nf6 5. d3 d6 6. O-O Be7 7. Nc3 O-O 8. Bf4 {[%emt 0:00:29] B50: Sicilian: 2...d6, Miscellaneous.} Nd7 {[%emt 0:05:06][%cal Bf6d7,Bd7b6,Bb6d5,Bd5f4][%mdl 32] [#]} 9. h4 $146 ({Predecessor:} 9. h3 a6 10. Nh2 b5 11. Ne2 Bb7 12. Be3 Nb6 13. Nf4 a5 14. h4 a4 15. a3 b4 {½-½ (26) Brynell,S (2470)-Engqvist,T (2420) Lindesberg 1993}) 9... e5 10. Bg5 (10. Bc1 $142) 10... f6 (10... Bxg5 $142 11. hxg5 (11. Nxg5 Nf6 $11) 11... f6) 11. Bc1 $11 Nb6 12. Nd2 Be6 13. Nd5 (13. a4 $5 ) 13... Bf7 (13... Nb4 $11) 14. c3 Re8 15. Ne3 (15. Nc4 $14) 15... d5 16. exd5 Nxd5 17. Ne4 Qd7 {[%emt 0:47:55] Inhibits Nf5.} 18. Qf3 {[%emt 0:00:00] [#] Inhibits f5. Threatens to win with Nxd5.} Rad8 19. Nf5 Be6 20. Bh3 (20. g4 $11 {keeps the balance.}) 20... Bf8 21. g4 {[%emt 0:00:00] [#]} Nf4 $1 22. Bxf4 exf4 23. Qxf4 Bxf5 24. gxf5 Qxd3 25. Bg2 Ne5 26. Rae1 Qc2 {[%emt 0:00:00] aiming for ...Nd3.} 27. Re3 Qxb2 {[%emt 0:00:00] &Nero is more active.} 28. Rg3 (28. Qg3 $17 {is a better defense.} Kh8 29. Rfe1) 28... Kh8 $19 29. h5 Nf7 {[%emt 0:00:00] Inhibits h6.} ({Not} 29... Qxa2 30. h6 $17) 30. h6 (30. Qc7 $17 {was called for.} Qxa2 31. Qxb7) 30... Nxh6 31. Nxf6 $2 (31. Rh3) 31... gxf6 {[%emt 0:00:00] Black is clearly winning.} 32. Qh4 Bg7 33. Qh5 Qxa2 {[%emt 0:00:00] Weighted Error Value: White=0.44/Black=0.21 (precise)} 0-1

[Event "67th Mexican-ch Open 2022"]
[Site "Chihuahua"]
[Date "2022.04.14"]
[Round "3.7"]
[White "Ibarra Chami, Luis Fernando"]
[Black "Gonzalez Arroyo, Lenin"]
[Result "1-0"]
[ECO "C77"]
[WhiteElo "2451"]
[BlackElo "2210"]
[Annotator "TA"]
[PlyCount "87"]
[EventDate "2022.04.12"]
[EventType "swiss"]
[EventCountry "MEX"]
[SourceTitle "playchess.com"]
[Source "ChessBase"]
[SourceQuality "1"]
[TimeControl "5400+30"]

1. e4 e5 2. Nf3 Nc6 3. Bb5 a6 4. Ba4 Nf6 5. O-O Be7 6. d3 b5 7. Bb3 d6 8. a3 O-O 9. Nc3 Be6 {[%emt 0:06:24] C77: Ruy Lopez: 3...a6 4 Ba4 Nf6, unusual lines.} 10. Nd5 Na5 11. Nxf6+ Bxf6 {[%emt 0:00:19] White is slightly better.} 12. Bxe6 fxe6 13. b4 Nc6 14. c3 Qd7 15. a4 Ne7 16. Qb3 d5 17. Be3 {[%emt 0:05:19] [#]} d4 $146 ({Black should try} 17... Ng6 $14) ({Predecessor:} 17... Ng6 18. Ra2 Be7 19. axb5 axb5 20. Rfa1 Rad8 21. Ne1 h6 22. g3 Kh7 23. Ra7 Rf6 {½-½ (50) Zelbel,P (2432)-Postny,E (2653) Germany 2016}) 18. Bg5 (18. cxd4 $16 exd4 19. Bf4) 18... bxa4 19. Qxa4 Qxa4 20. Rxa4 {[%emt 0:00:03] cxd4 is the strong threat.} dxc3 21. Rc1 Rfb8 $1 (21... Bxg5 22. Nxg5 c5 23. bxc5 $16) 22. Rxc3 a5 $1 23. Rxc7 {[%emt 0:01:45] &Bianco is more active.} axb4 24. Rxa8 Rxa8 25. Kf1 Bxg5 26. Nxg5 $14 {[%emt 0:00:04][%mdl 4096] Endgame KRN-KRN} b3 $1 {[%emt 0:00:06] [#] Threatens to win with ...b2.} 27. Rb7 (27. Rxe7 b2 28. Rb7 Ra1+ 29. Ke2 b1=Q 30. Rxb1 Rxb1 $15) (27. Ke2 $5 Rb8 28. Rc1 $11 (28. Rxe7 $2 b2 $19)) 27... Nc6 $1 28. Ke2 ({But not} 28. Rxb3 $2 Ra1+ 29. Ke2 Nd4+ 30. Ke3 Nxb3 $19) (28. Nxe6 $2 Rb8 29. Rxb3 (29. Rxg7+ $2 Kh8 $19) 29... Rxb3 $19) 28... Nd4+ 29. Ke3 h6 (29... Nc2+ $1 $11 {remains equal.} 30. Kf3 Rf8+ 31. Ke2 Nd4+ 32. Ke3 Nc2+ 33. Ke2 Nd4+ 34. Ke3 Nc2+ 35. Ke2) 30. Nf3 $16 Nxf3 31. Kxf3 {[%emt 0:02:47] KR-KR} Ra3 32. Ke3 Kh7 (32... g5 $1 $14) 33. Rb5 Kg8 (33... Ra1 $16 {was called for.}) 34. Rxe5 $18 b2 35. Rb5 Ra2 36. h4 {[%emt 0:00:49][%cal Bh2h4,Bh4h5][%mdl 32] Inhibits g5.} Kf7 37. h5 Kf6 38. g4 {[%emt 0:00:39] [#] Hoping for f4.} Ke7 $2 (38... g5 39. hxg6 Kg7) 39. f4 {[%emt 0:01:12] White is clearly winning.} Kd6 40. Kd4 Kc6 41. Rb3 b1=Q (41... Kd6 $142 42. Kc3 e5) 42. Rxb1 Rg2 43. Ke5 Rxg4 44. d4 {[%emt 0:00:52] Weighted Error Value: White=0.04 (flawless) /Black=0.27 (precise)} 1-0

[Event "67th Mexican-ch Open 2022"]
[Site "Chihuahua"]
[Date "2022.04.14"]
[Round "3.8"]
[White "Avila Rodriguez, Joshua Ad"]
[Black "Cori, Jorge"]
[Result "0-1"]
[ECO "C18"]
[WhiteElo "2182"]
[BlackElo "2650"]
[Annotator "TA"]
[PlyCount "66"]
[EventDate "2022.04.12"]
[EventType "swiss"]
[EventCountry "MEX"]
[SourceTitle "playchess.com"]
[Source "ChessBase"]
[SourceQuality "1"]
[TimeControl "5400+30"]

1. e4 e6 2. d4 d5 3. Nc3 Bb4 4. e5 c5 5. a3 Bxc3+ 6. bxc3 Qa5 7. Bd2 Qa4 8. Qg4 Kf8 9. h4 {[%emt 0:00:58] is more profitable than 9.Qd1 at the moment. C18: French: 3 Nc3 Bb4: Main line: 7 h4 and 7 Qg4.} Nc6 {[%emt 0:00:14] [#]} 10. Qf4 $146 ({Predecessor:} 10. Rh3 Nge7 11. h5 h6 12. Qf4 Ke8 13. dxc5 Qxf4 14. Bxf4 f6 15. Nf3 g5 16. hxg6 Nxg6 17. Rxh6 Rxh6 18. Bxh6 fxe5 {1-0 (43) Nisipeanu,L (2671)-Suleymanli,A (2536) Reykjavik 2021}) 10... Qxc2 11. dxc5 {[%emt 0:02:44] The position is equal.} Qe4+ 12. Qxe4 dxe4 13. h5 Nxe5 14. Rh4 f5 15. Bf4 {[%emt 0:01:19] [#]} Nf7 16. Bc4 Nf6 17. Rd1 Bd7 18. Rb1 (18. Nh3 $17) 18... Ke7 19. Rxb7 Rhc8 20. Be3 Nd8 21. Rb1 Rab8 22. Rd1 Ba4 23. Ra1 Nf7 24. f3 Rb2 25. Ra2 (25. fxe4 $142 Nxe4 26. Nf3) 25... Rcb8 26. g4 $2 {[%emt 0:04:11] [#]} (26. Rxb2 {is more resistant.} Rxb2 27. f4) 26... Rb1+ $19 {[%emt 0:02:51] Black is clearly winning.} 27. Kf2 Ne5 28. Be2 exf3 29. Nxf3 Nexg4+ {[%emt 0:01:40] Pair of Knights!} 30. Kg3 Bb3 31. Bf4 Ne4+ 32. Kg2 Bxa2 33. Bxb8 Rxb8 {[%emt 0:00:06] White got outplayed after the opening.  Weighted Error Value: White=0.55/Black=0.03 (flawless)} 0-1

[Event "67th Mexican-ch Open 2022"]
[Site "Chihuahua"]
[Date "2022.04.14"]
[Round "3.9"]
[White "Luna Javier, Edgar Froylan"]
[Black "Gonzalez Zamora, Juan Carlos"]
[Result "0-1"]
[ECO "D11"]
[WhiteElo "2148"]
[BlackElo "2544"]
[Annotator "TA"]
[PlyCount "152"]
[EventDate "2022.04.12"]
[EventType "swiss"]
[EventCountry "MEX"]
[SourceTitle "playchess.com"]
[Source "ChessBase"]
[SourceQuality "1"]
[TimeControl "5400+30"]

1. Nf3 Nf6 2. g3 d5 3. Bg2 c6 4. O-O Bg4 5. c4 e6 6. Ne5 Bf5 7. d4 Nbd7 8. Nc3 Be7 9. f4 {[%emt 0:03:09] D11: Slav Defence: 3 Nf3 sidelines and 3...Nf6 4 e3 Bg4.} h5 10. h3 Bb4 {[%emt 0:23:20] [#]} 11. Qb3 $146 {[%emt 0:08:47] The position is equal.} ({Predecessor:} 11. cxd5 exd5 12. e3 Bxc3 13. bxc3 Ne4 14. Bxe4 Bxe4 15. Nf3 Bf5 16. Kh2 Nf6 17. Ng5 Ne4 18. Nxe4 Bxe4 19. Qb3 Qb6 20. Ba3 {½-½ (20) Kverndal,L (1805)-Johansson,P (2017) Gausdal 2007}) 11... a5 12. Be3 O-O 13. Kh2 dxc4 14. Qxc4 Nd5 15. Bd2 (15. Bg1 $11) 15... Nxe5 16. fxe5 Nb6 17. Qb3 Qxd4 18. e4 $2 {[%emt 0:06:44] [#]} (18. Rad1 $17) 18... Bg6 (18... Qxd2 19. exf5 Nd5 20. Nxd5 (20. Rad1 Qe3 $17) 20... cxd5 21. Rad1 $15) (18... Bxh3 $142 $1 19. Qc2 (19. Rad1 Bxg2) 19... Bg4) 19. Rad1 $19 Qc4 (19... Qxe5 20. Bf4 Qc5 21. Bd6 $15) 20. Be3 c5 21. Rd6 {[%emt 0:02:52] [#]} a4 $1 22. Nxa4 Qxb3 ({Stronger than} 22... Rxa4 23. Rxb6 Qxb3 24. axb3 $11) 23. axb3 Nxa4 24. bxa4 Rxa4 25. Rb6 Rb8 26. Rc1 Ba5 27. Rb5 c4 28. Bf3 (28. Rc2 $17 {might work better.}) 28... Rd8 {[%emt 0:02:59] White must now prevent ...Rd3.} 29. Kg1 ({Don't blunder} 29. Rxb7 $2 Rd3 30. Bd1 Ra2 $19) 29... Rd3 30. Kf2 c3 $1 $36 {[%emt 0:00:49][%mdl 2048] Black is in control.} 31. Be2 Rd7 32. bxc3 Bxe4 33. Rb2 {[%emt 0:00:01] Prevents Ra2. And now Bb5 would win.} ({Don't go for} 33. Rd1 $2 Rxd1 34. Bxd1 Ra2+ 35. Be2 b6 $19) 33... Rc7 34. c4 Ra3 35. Rb5 Bc3 36. Bb6 {[%emt 0:01:02] Threatens to win with Rxc3.} Rd7 37. Bc5 Bd4+ 38. Bxd4 Rxd4 39. Rd1 {[%emt 0:02:09] Against Rd2} Rxd1 40. Bxd1 {[%emt 0:00:02][%mdl 4096] Endgame KRB-KRB} h4 41. Rb3 Ra2+ (41... Ra5 $1 $19 42. Re3 hxg3+ 43. Kxg3 Bc6) 42. Ke3 $15 Bc2 {[%emt 0:03:47] &Nero is more active.} (42... hxg3 {is interesting.} 43. Kxe4 g2 44. Rg3 Ra1) 43. Bxc2 Rxc2 {[%emt 0:00:00] KR-KR} 44. Kd4 Rd2+ 45. Kc5 $1 hxg3 46. Rxg3 Rd7 47. Kb6 Kh7 48. c5 f5 49. Ra3 $2 {[%emt 0:00:56][%mdl 8192] [#]} (49. exf6 $11 gxf6 50. Ra3) 49... f4 $1 $19 50. h4 Rf7 {[%emt 0:00:15] ...f3 is the strong threat.} 51. Rf3 Kg6 {[%emt 0:00:17] aiming for ...Kf5.} 52. c6 bxc6 {[%emt 0:00:06] Hoping for ...Kf5.} 53. Kxc6 Kf5 54. Kd6 Ra7 55. Rf1 Ra6+ 56. Ke7 Kxe5 57. Kf7 Ra7+ 58. Kg6 Ke4 59. Re1+ Kd3 60. Rf1 Ke3 61. Re1+ Kf2 62. Rxe6 f3 63. h5 Kg2 {[%emt 0:00:25] ( -> ...f2)} 64. Re5 f2 65. Rg5+ Kf1 66. Rf5 $2 {[%emt 0:00:35][%mdl 8192] [#]} (66. Re5 $15 Rd7 67. Rg5) 66... Re7 $1 {[%emt 0:00:06] Black mates.} 67. Rf7 Rxf7 68. Kxf7 Ke2 69. Kxg7 f1=Q 70. h6 Qg2+ 71. Kh8 Qa8+ 72. Kg7 Qb7+ 73. Kg8 Qc8+ 74. Kg7 Qd7+ 75. Kg8 Qd8+ 76. Kg7 Qg5+ {[%emt 0:00:14] Weighted Error Value: White=0.73/Black=0.12 (very precise)} 0-1

[Event "67th Mexican-ch Open 2022"]
[Site "Chihuahua"]
[Date "2022.04.14"]
[Round "3.10"]
[White "Almendarez Verdin, Manuel Adan"]
[Black "Perez Gormaz, Matias"]
[Result "0-1"]
[ECO "A58"]
[WhiteElo "1662"]
[BlackElo "2404"]
[Annotator "TA"]
[PlyCount "74"]
[EventDate "2022.04.12"]
[EventType "swiss"]
[EventCountry "MEX"]
[SourceTitle "playchess.com"]
[Source "ChessBase"]
[SourceQuality "1"]
[TimeControl "5400+30"]

1. d4 Nf6 2. c4 c5 3. d5 b5 4. cxb5 a6 5. bxa6 g6 6. Nc3 {[%emt 0:00:19] A58: Benko/Volga Gambit: Lines with 5 bxa6.} Bg7 7. a7 Rxa7 8. e4 {[%emt 0:00:16] e5 is the strong threat. White is slightly better.} O-O 9. Nf3 e6 10. Be2 exd5 11. exd5 Ba6 12. Bxa6 Nxa6 13. O-O d6 {[%emt 0:00:01] [#]} 14. Nb5 $146 ({Predecessor:} 14. Bf4 Re8 15. Qd2 Ne4 16. Nxe4 Rxe4 17. Rae1 Rxe1 18. Rxe1 Re7 19. Rxe7 Qxe7 20. h4 {1-0 (39) Korobov,A (2675)-Boehme,M (2146) Karlsruhe 2019}) 14... Rb7 15. a4 Nc7 16. Nc3 Qd7 17. h3 Rfb8 18. Qd3 Rb4 19. Rd1 Qc8 20. Nd2 Rd4 21. Qf3 Nfxd5 22. Nde4 Qe6 23. a5 {[%emt 0:12:34] [#]} (23. Nxd5 $11 Rxd5 24. Ng5) 23... Nxc3 (23... Re8 $1 $17 {Strongly threatening ...Rxd1+.} 24. Rxd4 cxd4 25. Nxd5 Qxd5) 24. Nxc3 $11 Rxd1+ 25. Qxd1 d5 26. Bf4 Be5 (26... Rxb2 {is interesting.} 27. Na4 Rb4 28. Nxc5 Qf6) 27. Bxe5 Qxe5 28. Na4 c4 29. Qd2 d4 30. Nb6 {[%emt 0:03:30] aiming for Nd7.} c3 31. bxc3 dxc3 32. Qc2 Rd8 {[%emt 0:00:15] Hoping for ...Nb5.} 33. Nc4 $1 Qf6 (33... Qd4 $5 34. Ne3 Ra8 $11) 34. Rb1 {[%emt 0:03:12] [#]} (34. Rd1 $11 {keeps the balance.}) 34... Ne6 $1 $36 {[%emt 0:04:37][%mdl 2048] Threatens to win with ...Nd4. Black has some pressure. &Nero is more active.} 35. Kf1 $2 (35. Kh1 $15) 35... Qf4 $19 36. Qxc3 Qh2 {[%emt 0:00:08] ( -> ...Nf4)} 37. Nd2 Nf4 {[%emt 0:02:05] Weighted Error Value: White=0.56/Black=0.06 (flawless)} 0-1

[Event "67th Mexican-ch Open 2022"]
[Site "Chihuahua"]
[Date "2022.04.14"]
[Round "3.11"]
[White "Fernandez Hernandez, Arturo A."]
[Black "Montes Orozco, Miguel Angel"]
[Result "0-1"]
[ECO "A12"]
[WhiteElo "2376"]
[BlackElo "1914"]
[Annotator "TA"]
[PlyCount "114"]
[EventDate "2022.04.12"]
[EventType "swiss"]
[EventCountry "MEX"]
[SourceTitle "playchess.com"]
[Source "ChessBase"]
[SourceQuality "1"]
[TimeControl "5400+30"]

1. Nf3 Nf6 2. c4 c6 3. e3 d5 4. b3 Bg4 5. Bb2 e6 6. h3 {[%emt 0:02:56] A12: English Opening: 1...c6 with b3 by White.} Bh5 7. Be2 h6 8. O-O {[%emt 0:05:41] The position is equal.} Nbd7 9. Nc3 Bd6 10. cxd5 exd5 {[%emt 0:01:39] [#]} 11. Nd4 $146 ({Predecessor:} 11. Rc1 Qe7 12. Nh4 Bg6 13. Nxg6 fxg6 14. Qc2 Qf7 15. d3 Nf8 16. e4 d4 17. Na4 {0-1 (28) Krajnc,U (2124)-Papez,V (1800) Slovenia 2014}) 11... Bg6 12. f4 O-O 13. Nf3 Re8 14. d4 (14. Rc1 $142) 14... Rxe3 $17 {[%emt 0:06:16] White must now prevent ...Qe7. &Nero is more active.} 15. Ne5 c5 (15... Bb4 $1 $17 16. f5 Bxc3 17. Bxc3 Rxc3 18. fxg6 fxg6 19. Nxd7 Qxd7) 16. Nb5 Bxe5 17. dxe5 Ne4 {[%emt 0:01:14] With the idea ...a6.} 18. Bg4 {[%emt 0:04:31] f5 is the strong threat. This bishop pair is nice.} d4 {[%emt 0:25:32] [#]} (18... Ng3 $15 {keeps the upper hand.} 19. f5 Nxf1 20. fxg6 Nxe5 $1 21. gxf7+ Nxf7 22. Qxf1 Qe7) 19. Nxd4 $1 Ng3 $36 {[%emt 0:15:16][%mdl 2048] Black fights for an advantage.} (19... Nxe5 20. fxe5) 20. f5 Bh7 ({Much less strong is} 20... cxd4 21. fxg6 Nxe5 22. gxf7+ Nxf7 23. Re1 $16) 21. e6 Nxf1 (21... Nf6 $1 $11 22. exf7+ Kxf7) 22. exf7+ $1 $14 Kxf7 23. Ne6 Qe7 {[%emt 0:00:19] Hoping for ...Ng3.} 24. Nxg7 (24. Qxf1 $14 Nf6 25. Qc4) 24... Re5 $11 25. Qxd7 $4 {[%emt 0:06:49][%mdl 8192] Black keeps a firm grip on the game.} Qxd7 $19 26. Bxe5 Ne3 27. Bh5+ Kg8 28. f6 Rf8 {[%emt 0:00:37] aiming for ...Qd5.} 29. Re1 Qd2 30. Re2 Qc1+ 31. Kf2 Nd1+ 32. Kf3 Nc3 33. Re3 Qf1+ 34. Kg3 Ne4+ 35. Kh2 Rxf6 36. Ne8 Rf2 37. Bf3 {[%emt 0:00:34] [#]} Bg6 $1 38. Nc7 {[%emt 0:02:18] [#]} (38. Rxe4 Rxf3) 38... Rd2 $1 {[%emt 0:00:54] And now ...Ng5 would win.} 39. Ne6 {[%emt 0:00:32] [#]} (39. Ne8 h5) 39... Qf2 $1 40. Bf4 {[%emt 0:00:29] [#]} (40. Rxe4 Qxf3) 40... Kf7 $1 41. Nc7 {[%emt 0:00:31] [#]} (41. Rxe4 Bxe4) 41... Qh4 $1 42. Bg4 {[%emt 0:00:23] [#]} (42. Nd5 Rxd5) 42... h5 (42... Rxg2+ $142 $3 43. Kxg2 Qf2+ 44. Kh1 Qf1+ 45. Kh2 Qxf4+ 46. Kh1 Qxe3 47. Be6+ Kf8 48. Bd7 Qe1+ 49. Kh2 Qg3+ 50. Kh1 Nf2#) 43. Be6+ {[%emt 0:00:37] Black is clearly winning.} Ke7 44. Rf3 Rf2 45. Bg3 {[%emt 0:00:49] [#]} Nxg3 $1 46. Rxf2 {[%emt 0:01:14] [#]} Nf5 $1 47. Rf3 (47. Kg1 Qd4) 47... Nd4 48. Rg3 Nxe6 49. Nxe6 Kxe6 50. Rxg6+ {[%emt 0:00:04][%mdl 4096] Endgame KQ-KR} Kf5 51. Rg7 Qf4+ 52. Kh1 Qe4 53. Rd7 h4 {[%emt 0:00:16] Strongly threatening ...Ke6.} 54. Kh2 Ke6 {[%emt 0:00:35] ( -> ...Qe5+)} 55. Rd8 Qe5+ 56. Kh1 Qa1+ 57. Kh2 Qxa2 {[%emt 0:00:07] Weighted Error Value: White=0.73/Black=0.36} 0-1